 Dungeon Crawl Stone Soup version 0.31-a0-640-g39d97e502b (webtiles) character file.

Game seed: 9379071403897653918

181 qw the Shooter (level 5, -1/32 HPs)
             Began as a Gargoyle Hunter on Aug 27, 2023.
             Slain by an orc priest
             ... wielding a +0 war axe
              (6 damage)
             ... on level 3 of the Dungeon.
             The game lasted 00:01:06 (1989 turns).

qw the Shooter (Gargoyle Hunter)                    Turns: 1989, Time: 00:01:07

Health: -1/32      AC:  8    Str: 15    XL:     5   Next: 61%
Magic:  5/5        EV: 11    Int:  9    God:
Gold:   173        SH:  0    Dex: 15    Spells: 4/4 levels left

rFire   . . .        Y - +0 shortbow
rCold   . . .        (shield currently unavailable)
rNeg    + . .        c - +0 leather armour
rPois   inf          (no helmet)
rElec   +            d - +0 cloak
rCorr   .            (no gloves)
SInv    .            (no boots)
Will    .....        (no amulet)
Stlth   ++           (no ring)
HPRegen 0.25/turn    (no ring)
MPRegen 0.09/turn

%: no passive effects
@: no status effects
A: sickness immunity, AC +4, negative energy resistance 1, electricity
resistance, torment resistance 1, petrification resistance
a: no special abilities


You were on level 3 of the Dungeon.
You visited 1 branch of the dungeon, and saw 3 of its levels.

You collected 173 gold pieces.


Innate Abilities, Weirdness & Mutations

You are immune to sickness and miasma.
Your stone body is resilient. (AC +4)
You are immune to poison.
You resist negative energy. (rN+)
You are resistant to electric shocks. (rElec)
You are resistant to unholy torment.
You are immune to petrification.


   Skills:
 + Level 3.6 Fighting
 - Level 6.0 Ranged Weapons
 - Level 1.0 Armour
 - Level 1.5 Dodging
 - Level 1.1 Stealth


You had 4 spell levels left.
You didn't know any spells.
Your spell library was empty.

Inventory:

Hand Weapons
 Y - a +0 shortbow (weapon)
Armour
 a - a +0 ring mail
 c - a +0 leather armour (worn)
 d - a +0 cloak (worn)
 h - a +0 helmet
Scrolls
 e - a scroll of brand weapon {unknown}
 f - a scroll of revelation {unknown}
 j - 2 scrolls of identify
 k - a scroll of amnesia {unknown}
Potions
 b - a potion of enlightenment
 g - a potion of might
 i - a potion of cancellation

Dungeon Overview and Level Annotations

Branches:
Dungeon (3/15)

Altars:
Nemelex Xobeh

Shops:
D:1 [


Message History

The hound barks!
You shoot an arrow. The arrow hits the orc.
The orc is severely wounded.
The orc hits you but does no damage.
You shoot an arrow.
The arrow hits the orc but does no damage.
The orc is severely wounded.
The rat bites you but does no damage.
You shoot an arrow.
The arrow hits the orc but does no damage.
The orc is severely wounded.
The rat closely misses you. The orc hits you with a +0 club.
You shoot an arrow. The arrow barely misses the orc.
The rat bites you. The orc closely misses you. The rat completely misses you.
You shoot an arrow.
The arrow hits the orc but does no damage.
The orc is severely wounded.
The orc hits you but does no damage. The orc priest barely misses you.
The orc hits you but does no damage. The rat closely misses you.
You shoot an arrow. The arrow closely misses the orc.
The orc hits you but does no damage.
The orc priest mumbles some strange prayers to Beogh against you.
Pain shoots through your body! The orc completely misses you.
The rat bites you.
The orc priest hits you with a +0 war axe.
The orc hits you with a +0 dagger.
You shoot an arrow. The arrow hits the orc.
The orc is almost dead.
The orc hits you with a +0 club. The rat bites you. The orc barely misses you.
The orc priest hits you but does no damage.
The orc hits you but does no damage.
You shoot an arrow. The arrow closely misses the orc.
The rat closely misses you. The orc hits you but does no damage.
The orc priest mumbles some strange prayers to Beogh against you.
Pain shoots through your body! The orc barely misses you.
You shoot an arrow. The arrow hits the orc!
You kill the orc!
The rat misses you. The hound bites you but does no damage.
The orc hits you but does no damage.
The orc priest hits you with a +0 war axe.
You die...

############.####....
..............#
#######.####### #..#
##.## #..## ##..#
##.## #@o# ......hor#
.......o..#
........#..#
........##.#
........# ..
...###### ##. ### ..


You could see a hound, an orc priest, 2 orcs and a rat.

Vanquished Creatures
  A scorpion (D:2)
  2 adders
  2 worms
  2 dart slugs
  2 orcs (D:3)
  4 endoplasms
  4 giant cockroaches
  9 goblins
  4 hobgoblins
  8 jackals
  2 quokkas
  5 ball pythons
  6 bats
  3 frilled lizards
  10 kobolds
  28 rats
92 creatures vanquished.

Notes
Turn   | Place    | Note
-------+----------+-------------------------------------------
     0 | D:1      | qw the Gargoyle Hunter began the quest for the Orb.
     0 | D:1      | Reached XP level 1. HP: 12/12 MP: 1/1
     0 | D:1      | 0 ||| qw: Version: 0.3-a-74-g0d5e918
     0 | D:1      | 0 ||| qw: Game counter: 31
     0 | D:1      | 0 ||| qw: Melee chars always use a shield: true
     0 | D:1      | 0 ||| qw: God list: Okawaru
     0 | D:1      | 0 ||| qw: Allow faded altars: false
     0 | D:1      | 0 ||| qw: Do Orc after clearing Dungeon:15 true
     0 | D:1      | 0 ||| qw: Do second Lair branch before Depths: true
     0 | D:1      | 0 ||| qw: Lair rune preference: random
     0 | D:1      | 0 ||| qw: Goals: Normal
     0 | D:1      | 0 ||| PLANNING D:1-11
    53 | D:1      | Found Toxaf's Antique Armour Shop.
    62 | D:1      | 62 ||| SHOPLISTING dyed leather armour (115 gold, have 0).
    62 | D:1      | 62 ||| SHOPLISTING embroidered scarf (184 gold, have 0).
    62 | D:1      | 62 ||| SHOPLISTING glowing leather armour (115 gold, have
                  | 0).
    62 | D:1      | 62 ||| SHOPLISTING pair of smouldering gloves (218 gold,
                  | have 0).
    62 | D:1      | 62 ||| SHOPLISTING ring mail (92 gold, have 0).
   241 | D:1      | Reached XP level 2. HP: 17/17 MP: 2/2
   660 | D:1      | Reached XP level 3. HP: 18/21 MP: 3/3
   711 | D:1      | Reached skill level 5 in Ranged Weapons
   729 | D:1      | 729 ||| UPGRADING to +0 cloak.
   734 | D:1      | 734 ||| READING scroll labelled VANIME TURIST.
   735 | D:1      | 735 ||| READING scroll labelled GYXO LISMEA.
   736 | D:1      | 736 ||| READING scroll labelled FAQIOC UBYLU.
   737 | D:1      | 737 ||| READING 3 scrolls labelled PUGUQO ALAIVI.
   738 | D:1      | 738 ||| READING 2 scrolls of identify.
   738 | D:1      | 738 ||| IDENTIFYING orange potion
   739 | D:1      | 739 ||| DROPPING scroll of butterflies.
   945 | D:2      | Reached skill level 3 in Fighting
  1135 | D:2      | Reached XP level 4. HP: 28/28 MP: 4/4
  1270 | D:2      | Noticed a scorpion
  1281 | D:2      | Killed a scorpion
  1282 | D:2      | Reached XP level 5. HP: 17/32 MP: 5/5
  1386 | D:3      | 1386 ||| STAIRDANCE
  1390 | D:3      | 1390 ||| STAIRDANCE
  1416 | D:3      | 1416 ||| STAIRDANCE
  1424 | D:3      | 1424 ||| STAIRDANCE
  1428 | D:3      | 1428 ||| STAIRDANCE
  1432 | D:3      | 1432 ||| STAIRDANCE
  1438 | D:3      | 1438 ||| STAIRDANCE
  1442 | D:3      | 1442 ||| STAIRDANCE
  1446 | D:3      | 1446 ||| STAIRDANCE
  1450 | D:3      | 1450 ||| STAIRDANCE
  1454 | D:3      | 1454 ||| STAIRDANCE
  1458 | D:3      | 1458 ||| STAIRDANCE
  1462 | D:3      | 1462 ||| STAIRDANCE
  1466 | D:3      | 1466 ||| STAIRDANCE
  1470 | D:3      | 1470 ||| STAIRDANCE
  1474 | D:3      | 1474 ||| STAIRDANCE
  1478 | D:3      | 1478 ||| STAIRDANCE
  1482 | D:3      | 1482 ||| STAIRDANCE
  1486 | D:3      | 1486 ||| STAIRDANCE
  1490 | D:3      | 1490 ||| STAIRDANCE
  1496 | D:3      | 1496 ||| FLEEEEING.
  1517 | D:2      | Reached skill level 6 in Ranged Weapons
  1573 | D:2      | Reached skill level 1 in Armour
  1708 | D:2      | 1708 ||| READING 4 scrolls of identify.
  1708 | D:2      | 1708 ||| IDENTIFYING sedimented emerald potion
  1709 | D:2      | 1709 ||| READING 3 scrolls of identify.
  1709 | D:2      | 1709 ||| IDENTIFYING emerald potion
  1710 | D:2      | 1710 ||| READING 2 scrolls of identify.
  1710 | D:2      | 1710 ||| IDENTIFYING metallic golden potion
  1711 | D:2      | 1711 ||| DROPPING potion of berserk rage.
  1758 | D:3      | Found a faded altar of an unknown god.
  1758 | D:3      | Found a sparkling altar of Nemelex Xobeh.
  1986 | D:3      | HP: 8/32 [orc/+0 dagger (4)]
  1989 | D:3      | Slain by an orc priest

Levels and vault maps discovered:
D:1:      dpeg_arrival_boxes_within_box, layout_loops_ring, serial_shops,
          nicolae_shop_stone
D:2:      layout_basic, minmay_rat_hole
D:3:      layout_rooms, mainiacjoe_overflow_concentric_impassable,
          chequers_ecumenical_altar_simple, minmay_misc_feat_doors,
          amcnicky_mini_pool_small, lexackson_kobold_supper

Skill      XL: |  1  2  3  4  5 |
---------------+----------------+-----
Ranged Weapons | 5 6 |  6.0
Fighting       | 3 |  3.6
Armour         | 1 |  1.0
Dodging        | |  1.5
Stealth        | |  1.1

Action                     |  1- 3 |  4- 6 || total
---------------------------+-------+-------++-------
   Fire: Shortbow          |   101 |   143 ||   244
    Use: Scroll            |     5 |     3 ||     8
 Armour: Leather armour    |    19 |    35 ||    54
  Dodge: Dodged            |    36 |    48 ||    84

Table legend:
 A = Non-vault XP
 B = Vault XP
 C = Vault XP percentage of total XP
 D = Non-vault monster count
 E = Vault monster count
 F = Vault count percentage of total count
                 A         B        C        D         E       F
            +---------+---------+-------+---------+---------+-------
      Total |     231 |      31 |  11.8 |      65 |      27 |  29.3
            +---------+---------+-------+---------+---------+-------
        D:1 |      40 |       0 |   0.0 |      25 |       0 |   0.0
        D:2 |     150 |      20 |  11.8 |      27 |      19 |  41.3
        D:3 |      41 |      11 |  21.2 |      13 |       8 |  38.1
            +---------+---------+-------+---------+---------+-------
